 Dungeon Crawl Stone Soup version 0.24.0-123-gd5b16e6ec5 (webtiles) character file.

Game seed: 2724774882174362468, levelgen mode: deterministic

53 HammerPanzer the Cudgeler (level 3, -1/31 HPs)
             Began as a Minotaur Berserker on Jan 9, 2020.
             Was a Believer of Trog.
             Succumbed to goblin's curare-tipped dart
             ... on level 2 of the Dungeon.
             The game lasted 00:04:06 (1294 turns).

HammerPanzer the Cudgeler (Minotaur Berserker)      Turns: 1294, Time: 00:04:07

Health: -1/31      AC:  5    Str: 21    XL:     3   Next: 64%
Magic:  2/2        EV: 11    Int:  5    God:    Trog [**....]
Gold:   32         SH:  0    Dex: 11    Spells: 2/2 levels left

rFire    . . .     SeeInvis .   a - +0 mace
rCold    . . .     Gourm    .   (no shield)
rNeg     . . .     Faith    .   f - +0 ring mail
rPois    .         Spirit   .   (helmet restricted)
rElec    .         Reflect  .   (no cloak)
rCorr    .         Harm     .   (no gloves)
MR       .....                  (no boots)
Stlth    +.........             (no amulet)
HPRegen  0.10/turn              i - +2 ring of dexterity
MPRegen  0.08/turn              (no ring)

@: lethally poisoned (-1 -> -18), slowed, very slow
A: retaliatory headbutt, horns 2
a: Berserk, Trog's Hand, Renounce Religion


You were on level 2 of the Dungeon.
You worshipped Trog.
Trog was pleased with you.
You were not hungry.

You visited 1 branch of the dungeon, and saw 2 of its levels.

You collected 32 gold pieces.

Inventory:

Hand Weapons
 a - a +0 mace (weapon)
Armour
 f - a +0 ring mail (worn)
Jewellery
 i - a +2 ring of dexterity (left hand)
 k - a +2 ring of strength {unknown}
Scrolls
 e - a scroll of identify {unknown}
 g - a scroll of remove curse {unknown}
 h - 2 scrolls of magic mapping {unknown}
Potions
 d - a potion of curing {unknown}
 j - a potion of degeneration {unknown}
Comestibles
 b - 2 chunks of flesh
 c - 3 rations


   Skills:
 - Level 3.6 Fighting
 * Level 5.7 Maces & Flails
 - Level 2.4 Armour
 - Level 2.1 Dodging


You had 2 spell levels left.
You didn't know any spells.
Your spell library was empty.

Dungeon Overview and Level Annotations

Branches:
Dungeon (2/15)

Altars:


Innate Abilities, Weirdness & Mutations

You reflexively headbutt those who attack you in melee.
You have a pair of horns on your head.


Message History

You feel as though you will be slow longer.
You feel very sick.
The goblin throws a curare-tipped dart.
The curare-tipped dart closely misses you.
You see here a curare-tipped dart.
* * * LOW HITPOINT WARNING * * *
You feel very sick.
The goblin throws a curare-tipped dart.
The curare-tipped dart barely misses you.
The goblin throws a curare-tipped dart.
The curare-tipped dart barely misses you.
You see here 3 curare-tipped darts.
* * * LOW HITPOINT WARNING * * *
You feel very sick.
You see here 3 curare-tipped darts.
* * * LOW HITPOINT WARNING * * *
You feel very sick.
* * * LOW HITPOINT WARNING * * *
You feel sick.
You die...

#.# #.## #..............
.........).....#.##.####.###
.....#........#.##.###.....
....#........#.........#
...#.#####.##.##.####.###
........................ #
#.#.......##.##.####.###
....##.#(#####.##.##.## #.#
.......(.(..@.........###.###
###.####.##..................
#.##.##.##.##..###'###
#.##.##....##..#......
#.##.##.##.##..#......
..##.##........#......
#.##.##.....#..#......
.....##..##.#..###'###
#.##...............


There were no monsters in sight!

Vanquished Creatures
  An adder (D:2)
  An ooze (D:1)
  A dart slug (D:1)
  3 leopard geckos
  2 bat zombies (D:1)
  A giant cockroach (D:1)
  6 goblins (D:1)
  3 hobgoblins
  6 kobolds
  A ball python (D:1)
  5 bats
  A frilled lizard (D:1)
  2 rats (D:1)
33 creatures vanquished.

Notes
Turn   | Place    | Note
-------+----------+-------------------------------------------
     0 | D:1      | HammerPanzer the Minotaur Berserker began the quest for the
                  | Orb.
     0 | D:1      | Reached XP level 1. HP: 19/19 MP: 0/0
   113 | D:1      | Reached skill level 4 in Maces & Flails
   176 | D:1      | Reached XP level 2. HP: 25/26 MP: 1/1
   361 | D:1      | Reached skill level 5 in Maces & Flails
   392 | D:1      | Reached XP level 3. HP: 22/31 MP: 2/2
   425 | D:1      | Reached ** piety under Trog
  1293 | D:2      | HP: 1/31 [poisoned by goblin (curare-tipped dart)]
  1294 | D:2      | Succumbed to goblin's curare-tipped dart

Levels and vault maps discovered:
D:1:      saegor_arrival_fortress, layout_loops_ring,
          wad_floor_pattern_untrapped, serial_bayou_ford_a
D:2:      layout_basic

Skill      XL: |  1  2 |
---------------+-------+-----
Maces & Flails | 4 5 |  5.7
Fighting       | |  3.6
Armour         | |  2.4
Dodging        | |  2.1

Action                   || total
-------------------------++-------
Melee: Mace              ||    72
       Headbutt          ||     7
  Eat: Chunk             ||     1
Armor: Ring mail         ||    32
       Animal skin       ||     5
Dodge: Dodged            ||    68
